 Dungeon Crawl Stone Soup version 0.28.0-45-g0d030f2227 (webtiles) character file.

Game seed: 12694787803793523715

18334 croobank the Fighter (level 12, -10/118 HPs)
             Began as a Minotaur Fighter on Apr 7, 2022.
             Was a Priest of Trog.
             Succumbed to poison (dark miasma)
             ... in a Gauntlet.
             The game lasted 00:36:10 (12813 turns).

croobank the Fighter (Minotaur Fighter)            Turns: 12813, Time: 00:36:10

Health: -10/118    AC: 29    Str: 26    XL:     12   Next: 26%
Magic:  11/11      EV:  7    Int:  5    God:    Trog [***...]
Gold:   262        SH:  5    Dex: 10    Spells: 11/11 levels left

rFire   + . .      SeeInvis .   H - +6 broad axe
rCold   + . .      Faith    .   c - +0 buckler
rNeg    . . .      Spirit   .   F - +1 plate armour
rPois   .          Reflect  .   (helmet restricted)
rElec   .          Harm     .   (no cloak)
rCorr   +          Rampage  .   U - +2 pair of gloves
Will    ++...      NoTele   +   (no boots)
Stlth   ..........              q - amulet "Goxicuk" {Acrobat rF+ rC+}
HPRegen 1.29/turn               r - ring of the Tortoise {AC+8}
MPRegen 0.12/turn               W - ring of resist corrosion

@: lethally poisoned (-10 -> -82), strong-willed, on berserk cooldown,
regenerating, slowed, very slow
A: horns 2, retaliatory headbutt
a: Renounce Religion, Berserk, Trog's Hand


You were in a Gauntlet.
You worshipped Trog.
Trog was most pleased with you.
You visited 3 branches of the dungeon, and saw 12 of its levels.
You also visited: Ossuary, Bailey and Gauntlet.

You collected 576 gold pieces.
You spent 314 gold pieces at shops.

Inventory:

Hand Weapons
 a - a +5 dire flail
 b - a +0 hunting sling
 h - a +0 falchion
 l - a +1 dagger of speed
 t - a +0 scimitar
 w - a +2 whip of electrocution
 x - a +0 vorpal dire flail
 y - a +1 war axe
 B - a +0 morningstar
 G - a +0 battleaxe
 H - a +6 broad axe (weapon)
Missiles
 e - 448 stones
 j - 10 atropa-tipped darts
 k - 5 javelins
 m - 21 poisoned darts
 A - 49 arrows
 C - 87 sling bullets
 J - 20 bolts
Armour
 c - a +0 buckler (worn)
 F - a +1 plate armour (worn)
 U - a +2 pair of gloves (worn)
Jewellery
 q - the amulet "Goxicuk" (around neck) {Acrobat rF+ rC+}
   (You acquired it in a bailey)

   [amulet of the acrobat]

   It increases your evasion while moving and waiting.
   rF:        It protects you from fire.
   rC:        It protects you from cold.
 r - the ring of the Tortoise (left hand) {AC+8}
   (You found it on level 6 of the Dungeon)

   [ring of protection]

   AC:        It affects your AC (+8).
 s - an amulet of faith
 P - an amulet of guardian spirit
 R - a ring of flight
 W - a ring of resist corrosion (right hand)
Wands
 g - a wand of polymorph (8)
 L - a wand of acid (8) (quivered)
 Q - a wand of digging (4)
 S - a wand of charming (6)
Scrolls
 i - 2 scrolls of blinking
 o - 2 scrolls of teleportation
 V - a scroll of magic mapping
Potions
 d - a potion of might
 f - 4 potions of flight
 n - 3 potions of attraction
 p - a potion of brilliance
 u - 7 potions of curing
 v - 4 potions of lignification
 D - a potion of cancellation
 E - a potion of mutation
 I - 2 potions of degeneration
 K - a potion of berserk rage {unknown}
 M - 4 potions of haste {unknown}
 N - a potion of invisibility {unknown}
 O - a potion of ambrosia {unknown}


   Skills:
 + Level 14.5 Fighting
 + Level 14.3 Axes
 + Level 14.5 Armour
 - Level 6.7 Shields


You had 11 spell levels left.
You didn't know any spells.
Your spell library contained the following spells:

 Spells                   Type           Power      Damage    Failure   Level
 Sublimation of Blood     Necr           0%         N/A       100%        2
 Wereblood                Tmut           0%         N/A       100%        2
 Summon Hydra             Summ           0%         N/A       100%        7


Dungeon Overview and Level Annotations

Branches:
Dungeon (8/15)             Temple (1/1) D:7            Lair (3/6) D:8
 Shoals (0/4) Lair:2      Ossuary (visited)          Bailey (visited)
Gauntlet (1/1)
  Snake: Lair:2-4    Spider: Lair:2-4

Altars:
Cheibriados
Hepliaklqana
Makhleb
Okawaru
Sif Muna
Trog
Vehumet
Wu Jian
Yredelemnul
Zin

Shops:
D:1 !   D:4 (   D:7 ?   D:8 [

Annotations:
D:4 3 runed translucent doors, Icepheonix32's ghost, amateur DsFi
D:7 2 transporters, Kazon's ghost, novice DgFi Gauntlet 1 transporter


Innate Abilities, Weirdness & Mutations

You have a pair of horns on your head.
You reflexively headbutt those who attack you in melee.


Message History

You slash the death drake! You headbutt the death drake.
The death drake is severely wounded.
The death drake breathes miasma at you.
The foul vapour engulfs you but does no damage.
You hit the death drake.
You headbutt the death drake, but do no damage.
The death drake is almost dead.
You are engulfed in dark miasma.
You are poisoned.
You feel extremely sick.
The death drake bites you but does no damage. x2
Drinking this now will have no effect.
You barely miss the death drake. You headbutt the death drake.
The death drake is almost dead.
You are engulfed in dark miasma.
You are more poisoned.
You feel extremely sick.
The death drake bites you but does no damage.
You slice the death drake!!
You kill the death drake!
Trog accepts your kill.
You are engulfed in dark miasma.
You are lethally poisoned!
* * * LOW HITPOINT WARNING * * *
You feel extremely sick.
You feel much better.
You are engulfed in dark miasma.
You are more poisoned.
You feel yourself slow down.
* * * LOW HITPOINT WARNING * * *
You feel extremely sick.
The wolf spider zombie hits you but does no damage.
The wolf spider zombie bites you but does no damage.
The wolf spider zombie hits you but does no damage.
The wolf spider zombie bites you but does no damage.
Your skin crawls.
You feel strong-willed.
You are engulfed in dark miasma.
You are more poisoned.
* * * LOW HITPOINT WARNING * * *
You die...

##≈# #### ≈...
.... #.... ..∩..
≈..## ##..# .#.[
..#.
≈..#..####.#..#
#..#.#...#.#..#
≈..#.#.@.#.#..#
#..#.#..Z#.#..#..
§..#.####..#..#..
#..#...k...#..#.#
≈..#########..#.##
#.....#©#.....#...
≈.....#©#.....####
#..#########......
≈..##..©..##......


You could see a wolf spider zombie.

Vanquished Creatures
  An orc high priest (Bailey)
  A fire crab (Gauntlet)
  A sixfirhy (Gauntlet)
  A death drake (Gauntlet)
  An orc sorcerer (Bailey)
  3 black mambas
  5 cane toads
  3 komodo dragons
  4 rime drakes
  A troll (D:7)
  A harpy zombie (Gauntlet)
  3 blink frogs (Lair:1)
  26 yaks
  2 wyverns
  2 fire bats (Gauntlet)
  2 steam dragons
  Edmund (D:5)
  3 water moccasins
  12 orc warriors (Bailey)
  2 black bears (D:8)
  3 ice beasts
  2 necrophages
  12 wolves
  An ogre (D:7)
  4 bullfrogs
  A kobold brigand (D:7)
  3 scorpions
  Blork the orc (D:4)
  A wyvern skeleton (D:6)
  3 water moccasin zombies (Ossuary)
  7 killer bees
  3 wights (D:6)
  3 electric eels
  A centaur zombie (D:6)
  A hound (D:5)
  A bullfrog zombie (D:5)
  An orc priest (D:6)
  2 iguanas
  An orc wizard (D:7)
  Terence (D:3)
  A hound skeleton (D:4)
  2 mummies (Ossuary)
  11 gnolls
  A howler monkey zombie (D:5)
  9 adders
  A white imp (D:7)
  5 ufetubi
  2 adder zombies (Ossuary)
  A dart slug (D:2)
  15 orcs
  10 endoplasms
  3 giant cockroaches
  6 gnoll zombies (Ossuary)
  14 goblins
  9 hobgoblins
  7 jackals
  3 quokkas
  6 ball pythons
  3 bats
  5 frilled lizards
  6 hobgoblin zombies (Ossuary)
  15 kobolds
  4 kobold zombies (Ossuary)
  9 orc zombies (Ossuary)
275 creatures vanquished.

Vanquished Creatures (others)
  8 fungi (Lair:2)
  6 plants (D:8)
14 creatures vanquished.

Grand Total: 289 creatures vanquished

Notes
Turn   | Place    | Note
-------+----------+-------------------------------------------
     0 | D:1      | croobank the Minotaur Fighter began the quest for the Orb.
     0 | D:1      | Reached XP level 1. HP: 19/19 MP: 0/0
   184 | D:1      | Reached XP level 2. HP: 27/27 MP: 1/1
   327 | D:1      | Found Hiysit's Distillery.
   331 | D:1      | Bought a potion of might for 44 gold pieces
   594 | D:1      | Reached XP level 3. HP: 28/33 MP: 2/2
  1542 | D:2      | Reached XP level 4. HP: 40/40 MP: 3/3
  2658 | D:3      | Noticed Terence
  2670 | D:3      | Killed Terence
  2879 | D:3      | Reached XP level 5. HP: 42/47 MP: 4/4
  2997 | D:3      | Found a faded altar of an unknown god.
  3287 | D:3      | Found a burning altar of Makhleb.
  3297 | D:3      | Reached skill level 5 in Shields
  3703 | D:4      | Found Axewaut's Antique Weapon Shop.
  3711 | D:4      | Reached skill level 5 in Armour
  3740 | D:4      | Found a runed translucent gate.
  3742 | D:4      | Noticed Icepheonix32's ghost (amateur DsFi)
  3748 | D:4      | Found a runed translucent gate.
  3749 | D:4      | Found a runed translucent gate.
  3759 | D:4      | Reached skill level 5 in Fighting
  3759 | D:4      | Reached XP level 6. HP: 44/56 MP: 5/5
  4187 | D:4      | Noticed Blork the orc
  4194 | D:4      | Killed Blork the orc
  4258 | D:5      | Entered Level 5 of the Dungeon
  4317 | D:5      | Reached skill level 5 in Axes
  4317 | D:5      | Reached XP level 7. HP: 56/62 MP: 6/6
  4810 | D:5      | Noticed Edmund
  4822 | D:5      | Killed Edmund
  5302 | D:6      | Reached XP level 8. HP: 35/71 MP: 7/7
  5318 | D:6      | Found a basalt altar of Yredelemnul.
  5590 | D:6      | Reached skill level 10 in Fighting
  5590 | D:6      | Reached skill level 10 in Axes
  5590 | D:6      | Reached skill level 10 in Armour
  5590 | D:6      | Reached XP level 9. HP: 86/86 MP: 8/8
  5634 | D:6      | Found the ring of the Tortoise {AC+8}
  6045 | D:7      | Found a staircase to the Ecumenical Temple.
  6062 | Temple   | Entered the Ecumenical Temple
  6125 | Temple   | Became a worshipper of Trog the Wrathful
  6202 | D:7      | Found a flagged portal.
  6266 | Bailey   | Entered a bailey
  6578 | Bailey   | Noticed an orc sorcerer
  6586 | Bailey   | Killed an orc sorcerer
  6896 | Bailey   | Found an iron altar of Okawaru.
  6896 | Bailey   | Noticed an orc high priest
  6906 | Bailey   | Reached * piety under Trog
  6930 | Bailey   | Killed an orc high priest
  6931 | Bailey   | Reached XP level 10. HP: 43/97 MP: 9/9
  7411 | Bailey   | Acquired the amulet "Goxicuk" {Acrobat rF+ rC+}
  7799 | D:7      | Noticed Kazon's ghost (novice DgFi)
  7800 | D:7      | Found a transporter.
  7817 | D:7      | Found a transporter.
  7971 | D:7      | Found Keyfinte's Magic Scroll Emporium.
  7974 | D:7      | Bought 3 scrolls of enchant weapon for 270 gold pieces
  8714 | D:8      | Found Zuleaf's Antique Armour Boutique.
  8757 | D:8      | Found a staircase to the Lair.
  8757 | D:8      | Noticed a death yak
  8987 | D:8      | Found a sand-covered staircase.
  9005 | Ossuary  | Entered an ossuary
  9102 | Ossuary  | Reached ** piety under Trog
  9176 | Lair:1   | Entered Level 1 of the Lair of Beasts
  9230 | Lair:1   | Reached XP level 11. HP: 20/105 MP: 10/10
 11767 | Lair:2   | Found a staircase to the Shoals.
 11802 | Lair:2   | Reached *** piety under Trog
 12381 | Lair:2   | Reached XP level 12. HP: 117/117 MP: 11/11
 12731 | Lair:3   | Found a gate leading to a gauntlet.
 12738 | Gauntlet | Entered a Gauntlet
 12738 | Gauntlet | Found a transporter.
 12738 | Gauntlet | Found a transporter.
 12744 | Gauntlet | Found a transporter.
 12744 | Gauntlet | Found a transporter.
 12786 | Gauntlet | Found a transporter.
 12786 | Gauntlet | Found a transporter.
 12813 | Gauntlet | Succumbed to poison (dark miasma)

Illustrated notes

Levels and vault maps discovered:
D:1:      dpeg_arrival_morbid_curiosity, layout_basic, serial_shops, shop,
          minmay_pentomino_u2
D:2:      layout_loops_corners
D:3:      layout_basic, old_standard_altar, shapermc_ecumenical_altar_venn,
          minmay_cut_off, uniq_terence
D:4:      layout_basic, ebering_ghost_rock_garden, serial_shops,
          nicolae_shop_behind_doors, uniq_blork_the_orc
D:5:      layout_cave_pools, minmay_misc_feat_tower, minivault_23, uniq_edmund
D:6:      layout_basic, mainiacjoe_overflow_brackets
D:7:      layout_loops_corners, minmay_temple_entry_hall,
          gammafunk_ghost_stat_death, serial_shops, nicolae_shop_behind_doors,
          enter_bailey_8, nicolae_elevator_lobby_asterisk
D:8:      layout_rooms, jmf_multi_god_temple2, david_lair_generic,
          nicolae_ossuary_entry_false_entrances, serial_shops, shop_fountains,
          serial_bayou_ford_a, nicolae_concentric_dashed_squares_mild,
          grunt_decor_clamped
Temple:   jpeg_temple_clearing
Lair:1:   layout_hall_layers
Lair:2:   layout_layer_cave, elwin_shoals_entry_rooms,
          infiniplex_staircase_pool_2, lemuel_fruit_fields
Lair:3:   layout_regular_city, gauntlet_entry_generic, lemuel_centaur_altar,
          grunt_megastairs_4
Gauntlet: minmay_gauntlet_mixed_big_or_small [gammafunk_gauntlet_arena_split_x,
          minmay_gauntlet_arena_77_tiled_triplets,
          nicolae_gauntlet_arena_grate_2, minmay_gauntlet_arena_77_mess,
          gammafunk_gauntlet_arena_corners, minmay_gauntlet_arena_77_box,
          gauntlet_exit_watery]

Skill      XL: |  1  2  3  4  5  6  7  8  9 10 11 12 |
---------------+-------------------------------------+-----
Shields        | 4 5 6 |  6.7
Fighting       | 4 5 6 10 11 12 14 | 14.5
Armour         | 4 5 6 10 11 12 14 | 14.5
Axes           | 3 4 5 6 10 11 12 13 14 | 14.3

Action                   |  1- 3 |  4- 6 |  7- 9 | 10-12 || total
-------------------------+-------+-------+-------+-------++-------
Melee: War axe           |    69 |   104 |    45 |       ||   218
       Headbutt          |     8 |    19 |    28 |    72 ||   127
       Dire flail        |       |       |   107 |     4 ||   111
       Broad axe         |       |       |       |   353 ||   353
 Fire: Hunting sling     |       |       |     5 |       ||     5
Throw: Dart              |       |     2 |     4 |       ||     6
Invok: Trog's Hand       |       |       |       |     3 ||     3
       Berserk           |       |       |       |     1 ||     1
Evoke: Wand              |       |       |       |     3 ||     3
  Use: Scroll            |       |     6 |     9 |    14 ||    29
       Potion            |       |     1 |     2 |     4 ||     7
 Stab: Invisible         |       |       |     1 |       ||     1
Armor: Scale mail        |    37 |    37 |       |       ||    74
       Chain mail        |       |    19 |    55 |       ||    74
       Plate armour      |       |       |    17 |   245 ||   262
Dodge: Dodged            |    27 |    56 |    47 |   179 ||   309
Block: Buckler           |    13 |    29 |     7 |    69 ||   118
